 Dungeon Crawl Stone Soup version 0.28-a0-172-g787e458d71 (webtiles) character file.

Game seed: 3933088276624969758

97875 lunkers the Thaumaturge (level 16, -2/122 HPs)
             Began as a Djinni Earth Elementalist on Aug 16, 2021.
             Was an Initiate of Gozag.
             Killed from afar by a storm dragon (25 damage)
             ... with a bolt of lightning
             ... on level 12 of the Dungeon.
             The game lasted 00:58:15 (38012 turns).

lunkers the Thaumaturge (DjEE)                     Turns: 38012, Time: 00:58:16

Health: -2/122     AC: 15    Str:  7    XL:     16   Next: 71%
Gold:   6057       EV: 11    Int: 27    God:    Gozag SH:  0 Dex: 20

rFire   + + +      SeeInvis .   a - +4 eveningstar
rCold   + . .      Faith    .   (no shield)
rNeg    . . .      Spirit   .   k - +5 scale mail "Carr" {rPois rC++ Will+}
rPois   ∞          Reflect  .   O - +1 hat {Int+3}
rElec   .          Harm     .   f - +0 cloak
rCorr   .          Rampage  .   I - +0 pair of gloves
Will    ++...                   (boots unavailable)
Stlth   +.........              n - amulet of regeneration
HPRegen 1.30/turn               i - ring of protection from fire
MPRegen 0.00/turn               P - +6 ring of dexterity

@: flying, very slightly contaminated
A: sickness immunity, fire resistance 2, cold vulnerability 1, float, innate
caster, hp casting, extra vitality 1
a: Renounce Religion, Potion Petition, Call Merchant, Bribe Branch


You were on level 12 of the Dungeon.
You worshipped Gozag.
Gozag was greatly pleased with you.
You visited 3 branches of the dungeon, and saw 21 of its levels.
You also visited: Gauntlet.

You collected 6517 gold pieces.
You spent 420 gold pieces at shops.
You paid 40 gold pieces to Gozag.

Inventory:

Hand Weapons
 a - a +4 eveningstar (weapon)
 e - the +7 dire flail "Yruikat" {spect, Str+2 Int-4 Dex+2 Stlth+}
   (You found it on level 1 of the Lair of Beasts)

   When its wielder attacks, the weapon's spirit leaps out and strikes again.
   The spirit shares a part of any damage it takes with its wielder.
   Str:       It affects your strength (+2).
   Int:       It affects your intelligence (-4).
   Dex:       It affects your dexterity (+2).
   Stlth:     It makes you more stealthy.
 s - a +4 scimitar of freezing
Missiles
 j - 867 stones
 p - 6 throwing nets
Armour
 f - a +0 cloak (worn)
 k - the +5 scale mail "Carr" (worn) {rPois rC++ Will+}
   (You found it in a Gauntlet)

   rC:        It greatly protects you from cold.
   rPois:     It protects you from poison.
   Will:      It increases your willpower.
 y - a +0 kite shield
 z - the +1 helmet of Precision Catastrophes {rF+ Will+ Regen+ Int-5}
   (You found it in a Gauntlet)

   Int:       It affects your intelligence (-5).
   rF:        It protects you from fire.
   Regen:     It increases your rate of health regeneration.
   Will:      It increases your willpower.
 C - a scarf of repulsion
 G - a +3 leather armour
 I - a +0 pair of gloves (worn)
 O - a +1 hat of intelligence (worn)
Magical Staves
 v - a staff of air
Jewellery
 i - a ring of protection from fire (left hand)
 l - a ring of wizardry
 n - an amulet of regeneration (around neck)
 r - a ring of see invisible
 H - a +4 ring of evasion
 P - a +6 ring of dexterity (right hand)
 W - a ring of protection from cold
Wands
 b - a wand of mindburst (14)
 J - a wand of paralysis (21)
 M - a wand of acid (7)
 N - a wand of flame (88)
 Q - a wand of polymorph (17)
 R - a wand of digging (12)
Scrolls
 c - 2 scrolls of fog
 g - 4 scrolls of teleportation
 h - 4 scrolls of enchant armour
 u - 2 scrolls of fear
 B - 3 scrolls of enchant weapon
 F - 3 scrolls of blinking
 U - 3 scrolls of identify
 V - 2 scrolls of brand weapon
Potions
 d - 2 potions of ambrosia
 m - 2 potions of lignification
 o - 7 potions of mutation
 q - a potion of flight
 t - 7 potions of curing
 w - a potion of haste
 x - 2 potions of brilliance
 A - 3 potions of might
 D - 4 potions of heal wounds
 K - 3 potions of resistance
Miscellaneous
 E - a condenser vane
 L - a tin of tremorstones (2/2)
 S - a box of beasts
 T - a lightning rod (4/4)


   Skills:
 + Level 13.9 Fighting
 - Level 12.0 Maces & Flails
 * Level 3.7 Armour
 + Level 9.5 Dodging
 - Level 1.5 Stealth
 * Level 14.3 Spellcasting


You had 7 spell levels left.
You knew the following spells:

 Your Spells              Type           Power      Damage    Failure   Level
a - Iron Shot             Conj/Erth      38%        9d8       13%         6
b - Passwall              Tmut/Erth      64%        N/A       1%          2
c - Sandblast             Erth           100%       2d20      1%          1
d - Petrify               Tmut/Erth      77%        N/A       1%          4
e - Animate Skeleton      Necr           100%       N/A       1%          1
f - Searing Ray           Conj           100%       3d7       1%          2
g - Tukima's Dance        Hex            77%        N/A       1%          3
h - Cause Fear            Hex            38%        N/A       1%          4
i - Manifold Assault      Tloc           77%        N/A       2%          5
j - Fireball              Conj/Fire      38%        3d16      2%          5
k - Stone Arrow           Conj/Erth      100%       3d13      1%          3
Your spell library was empty.

Dungeon Overview and Level Annotations

Branches:
Dungeon (13/15)            Temple (0/1) D:7            Lair (6/6) D:8
 Shoals (0/4) Lair:2       Spider (0/4) Lair:3        Slime (0/5) Lair:6
    Orc (2/2) D:10            Elf (0/3) Orc:2       Gauntlet (visited)
 Vaults: D:13-14

Altars:
Cheibriados
Elyvilon
Fedhas
Gozag
Makhleb
Qazlal
Ru
Uskayaw
Wu Jian
Zin
Beogh
Jiyva

Shops:
D:4 ?:*   Orc:2 =:!*

Portals:
Hell: Lair:6

Annotations:
D:8 2 transporters
D:10 2 transporters, robertstho's ghost, journeyman FoFi
Lair:1 exclusion: 2 oklob plants


Innate Abilities, Weirdness & Mutations

You are immune to sickness and miasma.
You are immune to poison.
Your flesh is very heat resistant. (rF++)
You are vulnerable to cold. (rC-)
You float through the air rather than walking.
You learn spells naturally, not from books.
Your magical power is your life essence.
You have superior vitality. (+4 HP)


Message History

Aiming: Iron Shot (dangerous; 13% risk of failure)
Press: ? - help, Shift-Dir - straight line, f/p - yaktaur captain
Aim: a yaktaur captain, wielding a +0 arbalest and quivering bolts (almost dead, covered in acid, 92% to hit)
The iron shot hits the storm dragon!!!
The storm dragon is moderately wounded.
* * * LOW HITPOINT WARNING * * *
The storm dragon bites you.
* * * LOW HITPOINT WARNING * * *
The storm dragon barely misses you. The storm dragon tramples you!
* * * LOW HITPOINT WARNING * * *
You are shoved backwards!
Casting: Iron Shot (dangerous; 13% risk of failure)
Confirm with . or Enter, or press ? or * to list all spells.
Aiming: Iron Shot (dangerous; 13% risk of failure)
Press: ? - help, Shift-Dir - straight line, f/p - yaktaur captain
Aim: a yaktaur captain, wielding a +0 arbalest and quivering bolts (almost dead, covered in acid, 92% to hit)
The iron shot hits the storm dragon!!
The storm dragon is heavily wounded.
* * * LOW HITPOINT WARNING * * *
The storm dragon bites you.
* * * LOW HITPOINT WARNING * * *
The storm dragon claws you!
* * * LOW HITPOINT WARNING * * *
The storm dragon tramples you but does no damage.
Your magical contamination has completely faded away.
Unknown command.
Casting: Iron Shot (dangerous; 13% risk of failure)
Confirm with . or Enter, or press ? or * to list all spells.
Aiming: Iron Shot (dangerous; 13% risk of failure)
Press: ? - help, Shift-Dir - straight line, f/p - yaktaur captain
Aim: a yaktaur captain, wielding a +0 arbalest and quivering bolts (severely wounded, covered in acid, 92% to hit)
You miscast Iron Shot.
You are very lightly contaminated with residual magic.
You are caught in a violent explosion!
* * * LOW HITPOINT WARNING * * *
* * * LOW HITPOINT WARNING * * *
The storm dragon breathes lightning at you.
The bolt of lightning hits you!!
You die...
Your body crumbles into a pile of gold.

#.##.....#.........#..........##
##......#####......###.###.....##
#.....###<.>###.....#.##.#.....##
....### #...#.###.....##.........
..### #...#...###..............
### #...#.#...###...[.#...... #
#...#.......###..........
+...'..c.....>###.#...... #
#...#..D@...###...###.... ###
#...#.#...###.....#...### ..###
#...#...###.......##..# ....###
#.D.#(###............##
......###<.>###.......##..#..## #
(.#?...^#####........##...##..###
####......#.....##.........#...#.
.#.#..........####.............##
..............###...##.#.#.#.....


You could see a storm dragon (catching breath) and a yaktaur captain (corroded).

Vanquished Creatures
  Gastronok (Lair:1)
  A minotaur (Gauntlet)
  Nessos (Lair:4)
  8 hydras
  An ice dragon (D:12)
  A catoblepas (Lair:3)
  2 centaur warriors
  5 two-headed ogres
  A tengu warrior (D:12)
  Urug (D:12)
  A sun demon (Lair:6)
  A thrashing horror (Gauntlet)
  Sonja (D:10)
  A wizard (Lair:6)
  Pikel (D:9)
  A lindwurm (Lair:6)
  4 orc knights
  3 orc sorcerers (Orc:2)
  2 cyclopes
  Joseph (D:9)
  A black mamba (Lair:2)
  A merfolk siren (Lair:2)
  7 elephants (Lair:6)
  A gargoyle (D:13)
  A torpor snail (Lair:2)
  A smoke demon (Lair:6)
  An orange demon (Lair:6)
  An unseen horror (D:11)
  Psyche (D:11)
  21 cane toads
  5 komodo dragons
  5 rime drakes
  3 ice devils (Lair:6)
  5 polar bears
  A red devil (Lair:6)
  A meliai (shapeshifter) (D:12)
  5 trolls
  21 blink frogs
  12 slime creatures
  2 hornets
  5 wyverns
  50 yaks
  2 shadows (Gauntlet)
  4 hogs (D:7)
  2 basilisks
  A human (D:7)
  2 steam dragons (Lair:4)
  10 vampire mosquitoes
  5 wargs
  2 small abominations (Gauntlet)
  4 hell hounds (Lair:6)
  3 swamp worms (Gauntlet)
  22 water moccasins
  34 orc warriors
  A hornet zombie (D:4)
  2 ice beasts
  3 black bears
  3 sky beasts
  A necrophage (D:6)
  6 ogres
  9 wolves
  14 centaurs
  3 kobold brigands
  A lemure (D:9)
  14 bullfrogs
  8 scorpions
  A wyvern skeleton (D:6)
  9 killer bees
  5 wights (D:4)
  3 electric eels
  4 howler monkeys
  4 centaur zombies
  3 jellies
  2 gnoll shamans
  18 orc priests
  2 hounds
  A centaur skeleton (D:4)
  11 orc wizards
  2 howler monkey zombies
  14 gnolls
  8 adders
  A white imp (D:8)
  2 adder skeletons (D:5)
  3 worms
  42 orcs
  5 bats
  4 endoplasms
  5 giant cockroaches
  6 goblins
  8 hobgoblins
  2 jackals (D:3)
  21 kobolds
  2 quokkas
  7 ball pythons
  5 frilled lizards
  4 rats
549 creatures vanquished.

Vanquished Creatures (others)
  4 killer bees (D:9)
  47 fungi
  45 plants
96 creatures vanquished.

Grand Total: 645 creatures vanquished

Notes
Turn   | Place    | Note
-------+----------+-------------------------------------------
     0 | D:1      | lunkers the Djinni Earth Elementalist began the quest for
                  | the Orb.
     0 | D:1      | Reached XP level 1. HP: 15/15 MP: 0/0
   537 | D:1      | Reached XP level 2. HP: 21/22 MP: 0/0
   806 | D:1      | Reached skill level 1 in Fighting
  1485 | D:2      | Reached XP level 3. HP: 27/27 MP: 0/0
  1485 | D:2      | Learned a level 1 spell: Animate Skeleton
  1510 | D:2      | Reached skill level 3 in Spellcasting
  2492 | D:3      | Reached XP level 4. HP: 29/32 MP: 0/0
  3919 | D:4      | Found Puonomp's Magic Scroll Emporium.
  3955 | D:4      | Reached XP level 5. HP: 31/38 MP: 0/0
  3955 | D:4      | Learned a level 2 spell: Searing Ray
  4035 | D:4      | Reached skill level 4 in Spellcasting
  4035 | D:4      | Reached XP level 6. HP: 11/45 MP: 0/0
  4273 | D:4      | Noticed a sky beast
  4275 | D:4      | Killed a sky beast
  4319 | D:4      | Found a white marble altar of Elyvilon.
  4327 | D:4      | Reached XP level 7. HP: 38/50 MP: 0/0
  4327 | D:4      | Learned a level 3 spell: Tukima's Dance
  4623 | D:4      | Reached skill level 5 in Spellcasting
  4798 | D:4      | Found an opulent altar of Gozag.
  4996 | D:4      | Found Hoydghecs's Assorted Antiques.
  5063 | D:4      | Found Cauwed's Book Shop.
  5443 | D:4      | Became a worshipper of Gozag Ym Sagoz the Greedy
  5454 | D:5      | Entered Level 5 of the Dungeon
  5671 | D:5      | Reached XP level 8. HP: 47/58 MP: 0/0
  5981 | D:5      | Reached skill level 6 in Spellcasting
  6470 | D:6      | Reached skill level 5 in Fighting
  7065 | D:6      | Found an ornate altar of the Wu Jian Council.
  7185 | D:6      | Reached skill level 7 in Spellcasting
  7185 | D:6      | Reached XP level 9. HP: 60/66 MP: 0/0
  7185 | D:6      | Learned a level 4 spell: Cause Fear
  7673 | D:6      | Found a hide-covered altar of Uskayaw.
  8236 | D:7      | Reached skill level 8 in Spellcasting
  8885 | D:7      | Found a staircase to the Ecumenical Temple.
  8963 | D:7      | Identified the +2 robe "Yteygim" {rN+++ Str+3 Dex+4 Slay-5}
  9583 | D:7      | Reached XP level 10. HP: 60/75 MP: 0/0
  9721 | D:7      | Reached skill level 9 in Spellcasting
 10229 | D:8      | Found a transporter.
 11363 | D:8      | Found a staircase to the Lair.
 11378 | D:8      | Reached skill level 10 in Spellcasting
 11837 | D:8      | Reached XP level 11. HP: 63/84 MP: 0/0
 11837 | D:8      | Learned a level 5 spell: Manifold Assault
 12086 | D:8      | Found a transporter.
 12990 | D:9      | Reached skill level 11 in Spellcasting
 13474 | D:9      | Noticed Pikel
 13477 | D:9      | Killed Pikel
 13612 | D:9      | Noticed Joseph
 13616 | D:9      | Killed Joseph
 13617 | D:9      | Reached skill level 10 in Fighting
 13835 | D:10     | Entered Level 10 of the Dungeon
 13835 | D:10     | Found a stormy altar of Qazlal.
 13835 | D:10     | Noticed Sonja
 13840 | D:10     | Killed Sonja
 13970 | D:10     | Noticed a two-headed ogre
 13975 | D:10     | Killed a two-headed ogre
 14052 | D:10     | Found a sacrificial altar of Ru.
 14209 | D:10     | Found a snail-covered altar of Cheibriados.
 14326 | D:10     | Noticed a two-headed ogre
 14331 | D:10     | Killed a two-headed ogre
 14397 | D:10     | Noticed robertstho's ghost (journeyman FoFi)
 14398 | D:10     | Reached XP level 12. HP: 61/92 MP: 0/0
 14576 | D:10     | Found a transporter.
 14608 | D:10     | Found a transporter.
 14714 | D:10     | Found a staircase to the Orcish Mines.
 15218 | D:10     | Found a glowing silver altar of Zin.
 15301 | Lair:1   | Entered Level 1 of the Lair of Beasts
 15450 | Lair:1   | Noticed Gastronok
 15461 | Lair:1   | Killed Gastronok
 15462 | Lair:1   | Reached skill level 12 in Spellcasting
 16693 | Lair:1   | Identified the +7 dire flail "Yruikat" {spect, Str+2 Int-4
                  | Dex+2 Stlth+}
 17146 | Lair:1   | Identified a scroll of acquirement
 17146 | Lair:1   | Acquired a manual of Maces & Flails
 17195 | Lair:2   | Reached skill level 1 in Maces & Flails
 17894 | Lair:2   | Reached XP level 13. HP: 25/99 MP: 0/0
 17894 | Lair:2   | Learned a level 5 spell: Fireball
 18452 | Lair:2   | Reached skill level 5 in Maces & Flails
 18602 | Lair:2   | Found a staircase to the Shoals.
 19042 | Lair:3   | Noticed a catoblepas
 19052 | Lair:3   | Killed a catoblepas
 19400 | Lair:3   | Found a hole to the Spider Nest.
 20230 | Lair:3   | Noticed a five-headed hydra
 20236 | Lair:3   | Killed a five-headed hydra
 20237 | Lair:3   | Reached skill level 13 in Spellcasting
 20929 | Lair:4   | Noticed Nessos
 21338 | Lair:4   | Killed Nessos
 22463 | Lair:4   | Identified the +2 robe of Defiance {rC- rN++ Slay+2 Stlth+}
 23088 | Lair:5   | Noticed a five-headed hydra
 23101 | Lair:5   | Killed a five-headed hydra
 23323 | Lair:5   | Reached XP level 14. HP: 61/108 MP: 0/0
 24019 | Lair:6   | Entered Level 6 of the Lair of Beasts
 24091 | Lair:6   | Reached skill level 10 in Maces & Flails
 25715 | Lair:6   | Found a viscous altar of Jiyva.
 25715 | Lair:6   | Found a staircase to the Slime Pits.
 28354 | Lair:6   | Found a burning altar of Makhleb.
 29211 | Lair:6   | Found a gateway to Hell.
 29517 | Orc:1    | Entered Level 1 of the Orcish Mines
 30298 | Orc:1    | Reached XP level 15. HP: 46/115 MP: 0/0
 30298 | Orc:1    | Learned a level 6 spell: Iron Shot
 30958 | Orc:2    | Entered Level 2 of the Orcish Mines
 33306 | Orc:2    | Reached skill level 5 in Dodging
 33665 | Orc:2    | Found a staircase to the Elven Halls.
 33928 | Orc:2    | Found Duiceney's General Store.
 34629 | Orc:2    | Found Piolic's Jewellery Shop.
 34630 | Orc:2    | Found Lon Sac's Distillery.
 34630 | Orc:2    | Found Ceate's Book Boutique.
 34758 | Orc:2    | Reached skill level 14 in Spellcasting
 35510 | Orc:2    | Bought an amulet of regeneration for 420 gold pieces
 35515 | Orc:2    | Reached XP level 16. HP: 122/122 MP: 0/0
 35679 | D:11     | Found a gate leading to a gauntlet.
 35767 | Gauntlet | Entered a Gauntlet
 35767 | Gauntlet | Found a transporter.
 35767 | Gauntlet | Found a transporter.
 35767 | Gauntlet | Found a transporter.
 35768 | Gauntlet | Found a transporter.
 35769 | Gauntlet | Found a transporter.
 35772 | Gauntlet | Found a transporter.
 35789 | Gauntlet | Found a transporter.
 35791 | Gauntlet | Found a transporter.
 35792 | Gauntlet | Found a transporter.
 35794 | Gauntlet | Found a transporter.
 35803 | Gauntlet | Found a transporter.
 35813 | Gauntlet | Found a transporter.
 35972 | Gauntlet | Identified the +5 scale mail "Carr" {rPois rC++ Will+}
 36095 | Gauntlet | Identified the +1 helmet of Precision Catastrophes {rF+
                  | Will+ Regen+ Int-5}
 36153 | Gauntlet | Reached skill level 1 in Armour
 36426 | D:11     | Noticed Psyche
 36429 | D:11     | Killed Psyche
 36759 | D:11     | Found a blossoming altar of Fedhas.
 36930 | D:12     | Noticed Urug
 36992 | D:12     | Killed Urug
 38002 | D:12     | Noticed a storm dragon
 38012 | D:12     | Killed from afar by a storm dragon

Illustrated notes

Levels and vault maps discovered:
D:1:      saegor_arrival_under_anarchy, layout_basic, hangedman_decor_slide_cut,
          minmay_pentomino_o2
D:2:      layout_loops_ring
D:3:      layout_loops_ring
D:4:      layout_basic, grunt_gozag_statues,
          mainiacjoe_overflow_concentric_impassable, serial_shops,
          nicolae_shop_statue_plus, nicolae_shop_waterfront, shop
D:5:      layout_basic
D:6:      minmay_skewed_foursquare, layout_basic,
          nicolae_uskayaw_murder_on_the_dancefloor,
          nicolae_wu_jian_immortal_techniques, serial_corexii_hall,
          chequers_hall_statues_wall_a, corexii_hall_statues_l,
          corexii_hall_statues_l, chequers_hall_statues_y
D:7:      layout_cave_pods, temple_statues, grunt_livestock, minivault_24,
          lightli_minifort
D:8:      gammafunk_cloud_chamber, layout_basic, erik_lair_orcish_takeover,
          solitary_fountain
D:9:      layout_loops_corners, lemuel_old_faithful, uniq_joseph, uniq_pikel
D:10:     layout_stronghold, mainiacjoe_overflow_alcove_2,
          mainiacjoe_overflow_two_lobes, mainiacjoe_overflow_tiny_flanked,
          orc_0_dummy, gammafunk_ghost_berserking_beasts,
          kennysheep_small_circle, uniq_sonja
D:11:     layout_irregular_city, gauntlet_entry_generic,
          fedhas_altar_fruit_tree, uniq_psyche
D:12:     minmay_diamond_stairs, layout_cave_pools, uniq_urug
D:13:     layout_roguey
Lair:1:   layout_gridlike, chequers_serial_rivers_micro_e, serial_bayou_shore_a,
          minmay_lair_oklob_chamber, infiniplex_staircase_pool, uniq_gastronok
Lair:2:   layout_regular_city, minmay_shoals_entry_lonely_mermaid
Lair:3:   layout_big_grid, nicolae_spider_entry_non_spiders
Lair:4:   layout_misc_corridors, gammafunk_lair_bear_cave, uniq_nessos
Lair:5:   layout_regular_city, lemuel_fruit_tree, grunt_megastairs_4
Lair:6:   evil_forest, layout_layer_cave, slime_altar_1,
          grunt_forest_small_clearing_treed
Orc:1:    layout_diamond_mine
Orc:2:    st_orc_rangers, layout_diamond_mine, david_defended_altar_orc

Skill      XL: |  1  2  3  4  5  6  7  8  9 10 11 12 13 14 15 16 |
---------------+-------------------------------------------------+-----
Fighting       | 1 2 3 4 5 7 9 10 11 12 13 | 13.9
Spellcasting   | 3 4 5 7 8 10 11 12 13 14 | 14.3
Maces & Flails | 3 9 12 | 12.0
Dodging        | 4 8 9 |  9.5
Armour         | 3 |  3.7
Stealth        | |  1.5

Action                   |  1- 3 |  4- 6 |  7- 9 | 10-12 | 13-15 | 16-18 || total
-------------------------+-------+-------+-------+-------+-------+-------++-------
Melee: Unarmed           |     7 |       |       |       |       |       ||     7
       Dagger            |    15 |       |       |       |       |       ||    15
       Scimitar          |       |       |       |     1 |       |       ||     1
       Dire flail        |       |       |       |       |    78 |       ||    78
 Cast: Sandblast         |    32 |       |       |       |       |       ||    32
       Stone Arrow       |    14 |    44 |   124 |   281 |   429 |       ||   892
       Manifold Assault  |       |       |       |       |    30 |       ||    30
       Cause Fear        |       |       |       |       |     1 |       ||     1
       Iron Shot         |       |       |       |       |    95 |    90 ||   185
       Fireball          |       |       |       |       |     5 |     5 ||    10
Evoke: Wand              |       |       |       |       |       |     2 ||     2
  Use: Scroll            |       |       |       |     9 |    20 |     1 ||    30
       Potion            |       |       |       |       |     1 |       ||     1
 Stab: Sleeping          |     1 |       |       |       |       |       ||     1
Armor: Robe              |    13 |     8 |     4 |       |       |       ||    25
       Leather armour    |       |       |       |    24 |    58 |       ||    82
       Scale mail        |       |       |       |       |       |    29 ||    29
Dodge: Dodged            |    23 |     4 |    11 |    48 |   146 |    23 ||   255
       Rpst.: Scimitar   |       |       |       |    10 |       |       ||    10

Table legend: (Time is in decaauts)
 A = Elapsed time spent in this place.
 B = Non-inter-level travel time spent in this place.
 C = Inter-level travel time spent in this place.
 D = Time resting spent in this place.
 E = Time spent auto-exploring this place.
 F = Levels seen in this place.
 G = Mean time per level.
                   A        B        C        D        E       F      G
               +--------+--------+--------+--------+--------+-----+--------+
         Total |  38033 |  36958 |   1075 |   6840 |  25746 |  22 | 1728.8 |
       Dungeon |  17402 |  16727 |    675 |   1478 |  13538 |  13 | 1338.6 |
          Lair |  14149 |  13872 |    277 |   3306 |   9025 |   6 | 2358.2 |
  Orcish Mines |   6068 |   5946 |    122 |   2056 |   3119 |   2 | 3034.0 |
      Gauntlet |    412 |    412 |      0 |      0 |     64 |   1 |  412.0 |
               +--------+--------+--------+--------+--------+-----+--------+

Top non-repeatable levels by time:
  Lair:6: 4622 daAuts
   Orc:2: 3593 daAuts
   Orc:1: 2475 daAuts
  Lair:3: 2449 daAuts
  Lair:5: 2263 daAuts
  Lair:1: 2131 daAuts
     D:7: 2078 daAuts
     D:8: 2057 daAuts
     D:9: 1735 daAuts
     D:6: 1639 daAuts
  Lair:2: 1619 daAuts
     D:4: 1586 daAuts
    D:10: 1467 daAuts
     D:2: 1401 daAuts
     D:1: 1376 daAuts
